Map: Catalyst LE

Players

JonSnow

  • Race: Zerg Zerg
  • Spawn Location: 11:00

cyan - Winner!

  • Race: Protoss Protoss
  • Spawn Location: 5:00

Event: WCS Austin 2018

VOD

Have the link to the VOD?

Description

Time

  • Played on: June 1, 2018, 3:16 p.m.
  • Length: 10:04

All games in this series

Show
View Real Time Build Order
Export as new Build Order

JonSnow Zerg 

Build Orders: Hatch First 

Get SALT Encoding   

  12  0:00  Drone  
  13  0:13  Overlord  
  13  0:18  Drone  
  14  0:32  Drone x2  
  16  0:52  Drone  
  16  0:53  Drone  
  18  1:00  Hatchery  
  18  1:01  Drone  
  18  1:10  Extractor  
  17  1:17  Spawning Pool  
  16  1:20  Drone  
  16  1:24  Drone  
  18  1:29  Drone  
  19  1:39  Overlord  
  19  2:03  Zergling x2  
  19  2:04  Queen, Zergling x2  
  23  2:11  Metabolic Boost  
  23  2:12  Queen  
  23  2:13  Zergling x2  
  26  2:17  Drone  
  27  2:27  Zergling x4  
  29  2:34  Zergling x2  
  30  2:47  Hatchery  
  29  2:53  Zergling x6  
  31  3:02  Zergling x4  
  33  3:12  Zergling x2  
  33  3:13  Zergling x2  
  32  3:20  Drone  
  32  3:21  Drone x3  
  36  3:34  Drone  
  35  3:38  Drone  
  35  3:44  Drone x2  
  35  3:45  Overlord  
  35  3:57  Lair  
  35  3:59  Queen  
  35  4:00  Drone x5  
  42  4:03  Drone  
  42  4:07  Spore Crawler  
  42  4:13  Queen  
  42  4:16  Drone  
  45  4:18  Drone  
  45  4:22  Spore Crawler  
  45  4:27  Spore Crawler, Drone  
  45  4:28  Drone  
  45  4:30  Drone  
  47  4:34  Drone x2  
  49  4:40  Roach Warren  
  49  4:44  Zergling x2  
  49  4:45  Extractor, Zergling x2  
  49  4:47  Zergling x2  
  49  4:50  Overlord  
  50  4:56  Overlord  
  50  4:58  Overlord  
  48  5:20  Drone x13  
  59  5:25  Glial Reconstitution  
  59  5:26  Extractor  
  58  5:31  Overlord  
  58  5:40  Drone  
  58  5:41  Drone x3  
  58  5:42  Roach x2  
  65  5:52  Roach x3  
  67  5:57  Roach  
  67  5:58  Roach x2  
  67  6:04  Drone  
  74  6:08  Overlord  
  74  6:09  Overlord x2  
  73  6:19  Overlord  
  73  6:23  Spine Crawler  
  72  6:28  Roach x6  
  84  6:37  Roach x4  
  91  6:41  Roach  
  91  6:47  Roach x3  
  91  6:50  Roach  
  94  6:56  Drone x3  
  94  6:57  Drone  
  96  7:03  Drone  
  96  7:04  Drone x3  
  100  7:10  Evolution Chamber  
  100  7:13  Drone x2  
  100  7:14  Drone x2  
  103  7:16  Drone  
  103  7:20  Extractor  
  103  7:21  Extractor  
  102  7:26  Drone x4  
  106  7:35  Overlord  
  106  7:39  Overlord  
  106  7:40  Zerg Missile Weapons Level 1  
  106  7:49  Drone  
  106  7:50  Drone x5  
  103  7:53  Hydralisk Den  
  103  7:56  Drone x4  
  103  7:57  Drone  
  107  8:01  Drone x3  
  107  8:04  Drone  
  103  8:09  Drone  
  103  8:10  Drone x6  
  105  8:13  Drone  
  105  8:22  Drone x2  
  105  8:23  Grooved Spines  
  105  8:24  Zergling x2  
  108  8:31  Drone x2  
  108  8:33  Drone  
  111  8:37  Extractor  
  110  8:41  Overlord  
  110  8:42  Pneumatized Carapace  
  110  8:43  Drone  
  110  8:47  Hydralisk  
  111  8:52  Drone x3  
  111  8:56  Hydralisk x3  
  117  9:04  Ravager x5  
  117  9:09  Roach x2  
  126  9:13  Overlord  
  123  9:20  Hydralisk x2  
  123  9:22  Roach  
  117  9:30  Roach x3  
  120  9:33  Roach  
  120  9:35  Overlord x2  
Show
View Real Time Build Order
Export as new Build Order

cyan Protoss - Winner!

Build Orders: 1 Gate Expand, Oracle Opening, Archon Immortal 

Get SALT Encoding   

  12  0:00  Probe  
  13  0:12  Probe  
  14  0:18  Pylon  
  14  0:24  Probe  
  15  0:33  Probe  
  15  0:39  Gateway  
  15  0:41  Probe  
  16  0:48  Assimilator  
  17  0:52  Probe  
  18  1:04  Probe  
  19  1:16  Probe  
  20  1:26  Nexus  
  20  1:37  Cybernetics Core  
  20  1:40  Probe  
  21  1:47  Assimilator  
  21  1:52  Probe  
  22  1:57  Pylon  
  22  2:04  Probe  
  22  2:06  Adept  
  25  2:16  Probe  
  25  2:21  Stargate  
  26  2:28  Warp Gate  
  26  2:29  Probe  
  27  2:32  Adept  
  27  2:34  Probe  
  29  2:41  Probe  
  29  2:42  Probe  
  32  2:52  Probe  
  32  2:53  Probe  
  32  2:54  Adept  
  34  2:59  Oracle  
  34  3:04  Probe  
  34  3:05  Probe  
  40  3:19  Gateway, Adept  
  39  3:25  Probe  
  39  3:26  Probe  
  43  3:37  Shield Battery, Probe  
  43  3:38  Probe  
  45  3:49  Probe  
  46  3:56  Pylon  
  46  3:59  Gateway  
  46  4:07  Phoenix  
  46  4:08  Pylon  
  46  4:11  Probe x2  
  46  4:12  Twilight Council  
  48  4:22  Pylon  
  48  4:23  Probe x2  
  50  4:30  Adept  
  52  4:33  Oracle  
  52  4:35  Probe x2  
  52  4:38  Adept, Resonating Glaives  
  59  4:40  Assimilator  
  59  4:43  Pylon  
  59  4:48  Probe x2  
  59  4:51  Adept  
  63  4:58  Adept  
  65  5:00  Probe  
  65  5:04  Adept  
  65  5:05  Probe  
  69  5:22  Adept x2  
  69  5:24  Nexus  
  69  5:27  Pylon  
  73  5:29  Pylon  
  73  5:34  Probe x2  
  73  5:35  Pylon  
  75  5:40  Adept  
  77  5:45  Robotics Facility  
  77  5:46  Adept  
  77  5:47  Adept  
  81  6:00  Adept  
  81  6:01  Shield Battery  
  81  6:02  Probe x2  
  85  6:06  Assimilator, Adept  
  85  6:07  Adept  
  89  6:14  Probe x2  
  89  6:15  Robotics Facility  
  91  6:27  Gateway  
  91  6:29  Gateway  
  91  6:32  Observer  
  92  6:33  Gateway  
  92  6:34  Probe  
  92  6:36  Probe  
  94  6:42  Sentry x2  
  94  6:43  Probe  
  94  6:46  Probe  
  100  6:47  Sentry  
  100  6:48  Probe  
  100  6:49  Charge  
  100  6:52  Immortal  
  103  6:55  Probe  
  103  6:56  Immortal  
  103  6:58  Probe  
  103  7:01  Probe  
  102  7:08  Probe  
  102  7:10  Probe  
  102  7:12  Shield Battery  
  108  7:17  Probe  
  108  7:20  Forge  
  109  7:23  Sentry x2  
  113  7:30  Zealot  
  113  7:31  Zealot  
  113  7:34  Protoss Ground Weapons Level 1  
  116  7:37  Pylon  
  116  7:38  Pylon  
  116  7:40  Pylon  
  116  7:48  Immortal  
  116  7:54  Immortal  
  116  7:55  Gateway, Pylon  
  116  7:56  Pylon  
  116  7:57  Gateway  
  122  8:10  Zealot x6  
  122  8:12  Assimilator  
  130  8:16  Assimilator, Templar Archives  
  130  8:17  Probe x3  
  131  8:25  Immortal  
  131  8:26  Warp Prism  
  140  8:39  Pylon x2  
  140  8:40  Zealot, Adept  
  140  8:41  Zealot x2  
  145  8:54  Zealot x2  
  149  9:06  Immortal x2  
  153  9:30  High Templar x4  
  159  9:31  High Templar  
  159  9:32  Zealot x2  
  159  9:33  High Templar  
  159  9:35  Archon x2  
  165  9:38  Archon  
  165  9:42  Nexus  
  165  9:45  Pylon  
  147  9:53  Zealot  
  147  9:54  Zealot  
Tags
 
Add a new tag
Caveats
  • Supply blocks, unpowered buildings, or Contaminate may cause inaccurate times.
  • Supply counts are checked every 10 seconds.